 Dungeon Crawl Stone Soup version 0.17-a0-1939-ga475588 (webtiles) character file.

58011 derrpe the Nimble (level 14, -1/87 HPs)
             Began as a Deep Elf Conjurer on Sept 29, 2015.
             Was a High Priest of Vehumet.
             Slain by a death yak (16 damage)
             ... on level 8 of the Lair of Beasts on Sept 30, 2015.
             The game lasted 01:22:50 (23963 turns).

derrpe the Nimble (Deep Elf Conjurer)              Turns: 23963, Time: 01:22:50

Health: -1/87      AC:  6    Str:  9    XL:     14   Next: 47%
Magic:  36/57      EV: 28    Int: 26    God:    Vehumet [*****.]
Gold:   1934       SH:  0    Dex: 20    Spells: 10 memorised, 2 levels left

rFire  + . .     SeeInvis .     P - staff of power
rCold  . . .     Clarity  +     i - +0 robe {rF+}
rNeg   + . .     SustAt   .     (no shield)
rPois  +         Gourm    .     p - +1 hat of the Pirate {rPois rN+ Str+4 Slay+2}
rElec  .         Spirit   .     q - +2 cloak {+Inv}
rCorr  .         Warding  .     (no gloves)
rMut   .         Stasis   .     u - +0 pair of boots
MR     ++...                    s - amulet of clarity
Stlth  ++++......               o - +3 ring of dexterity
                                R - ring of magical power

@: phasing, repel missiles, very resistant to hostile enchantments, stealthy
A: fangs 1, agile 1, deformed body, magic resistance 1, spit poison 1, wild
magic 1
a: Spit Poison, Renounce Religion, Evoke Invisibility


You were on level 8 of the Lair of Beasts.
You worshipped Vehumet.
Vehumet was extremely pleased with you.
You were hungry.

You visited 3 branches of the dungeon, and saw 18 of its levels.
You also visited: Volcano.

You collected 1934 gold pieces.

Inventory:

Hand weapons
 w - the +2 dagger "Agaseic" {drain, rPois Str+6}
   (You found it on level 7 of the Lair of Beasts)

   A truly terrible weapon, it drains the life of those it strikes.
   It affects your strength (+6).
   It protects you from poison.
 F - a +3 shortbow
Missiles
 E - 203 arrows
Armour
 i - a +0 robe of fire resistance (worn)
 p - the +1 hat of the Pirate (worn) {rPois rN+ Str+4 Slay+2}
   (You acquired it on level 7 of the Dungeon)

   It affects your strength (+4).
   It affects your accuracy and damage with ranged weapons and melee attacks
   (+2).
   It protects you from poison.
   It protects you from negative energy.
 q - a +2 cloak of invisibility (worn)
 u - a +0 pair of boots (worn)
Magical staves
 P - an uncursed staff of power (weapon)
Rods
 G - a +2 rod of destruction (9/9)
   (You found it on level 6 of the Lair of Beasts)
Jewellery
 l - an uncursed ring of protection from fire
 n - an uncursed amulet of stasis
 o - a +3 ring of dexterity (right hand)
 s - an amulet of clarity (around neck)
 Q - an uncursed ring of poison resistance
 R - a ring of magical power (left hand)
Magical devices
 K - a wand of disintegration (10)
Scrolls
 d - a scroll of fog
 g - 6 scrolls of teleportation
 h - 5 scrolls of recharging
 m - 5 scrolls of remove curse
 r - a scroll of magic mapping
 A - 3 scrolls of fear
 D - 2 scrolls of enchant armour
 M - a scroll of blinking
 T - a scroll of amnesia
Potions
 e - 5 potions of curing
 k - 2 potions of brilliance
 B - 2 potions of agility
 J - a potion of invisibility {unknown}
 L - a potion of might
 N - a potion of resistance
Books
 b - a book of Conjurations

   Spells                             Type                      Level
   a - Magic Dart                     Conjuration                  1
   b - Searing Ray                    Conjuration                  2
   c - Dazzling Spray                 Conjuration/Hexes            3
   d - Fulminant Prism                Conjuration/Hexes            4
   e - Iskenderun's Mystic Blast      Conjuration                  4
   f - Iskenderun's Battlesphere      Conjuration/Charms           5
 y - a book of Death

   Spells                             Type                      Level
   a - Corpse Rot                     Necromancy                   2
   b - Sublimation of Blood           Necromancy                   2
   c - Agony                          Necromancy                   5
   d - Dispel Undead                  Necromancy                   5
   e - Excruciating Wounds            Charms/Necromancy            5
   f - Bolt of Draining               Conjuration/Necromancy       5
 z - a book of the Warp

   Spells                             Type                      Level
   a - Recall                         Summoning/Translocation      3
   b - Gell's Gravitas                Hexes/Translocation          3
   c - Force Lance                    Conjuration/Translocation    4
   d - Phase Shift                    Translocation                5
   e - Warp Weapon                    Charms/Translocation         5
   f - Summon Forest                  Summoning/Translocation      5
 C - an Akashic Record

   Spells                             Type                      Level
   a - Dispersal                      Translocation                6
   b - Controlled Blink               Translocation                7
   c - Malign Gateway                 Summoning/Translocation      7
   d - Disjunction                    Translocation                8
 H - a book of Dreams

   Spells                             Type                      Level
   a - Ensorcelled Hibernation        Hexes/Ice                    2
   b - Phase Shift                    Translocation                5
   c - Shadow Creatures               Summoning                    5
   d - Silence                        Hexes/Air                    5
   e - Darkness                       Hexes                        6
   f - Mass Confusion                 Hexes                        6
 I - a book of Minor Magic

   Spells                             Type                      Level
   a - Magic Dart                     Conjuration                  1
   b - Blink                          Translocation                2
   c - Call Imp                       Summoning                    2
   d - Repel Missiles                 Charms/Air                   2
   e - Slow                           Hexes                        2
   f - Conjure Flame                  Conjuration/Fire             3
   g - Mephitic Cloud                 Conjuration/Poison/Air       3
 S - a book of Debilitation

   Spells                             Type                      Level
   a - Corona                         Hexes                        1
   b - Slow                           Hexes                        2
   c - Gell's Gravitas                Hexes/Translocation          3
   d - Inner Flame                    Hexes/Fire                   3
   e - Cause Fear                     Hexes                        4
   f - Leda's Liquefaction            Hexes/Earth                  4
Miscellaneous
 x - a legendary deck of defence {the Shadow}
Comestibles
 a - a beef jerky
 c - 13 bread rations {@e1}
 j - 6 slices of pizza
 t - 44 fruits
 v - 5 meat rations {@e2}


   Skills:
 * Level 9.9 Fighting
 * Level 13.8 Dodging
 + Level 8.7 Stealth
 - Level 13.0 Spellcasting
 - Level 11.0 Conjurations
 - Level 3.3 Hexes
 - Level 8.2 Charms
 + Level 6.9 Necromancy
 - Level 11.0 Translocations
 - Level 3.4 Air Magic


You had 2 spell levels left.
You knew the following spells:

 Your Spells              Type           Power        Failure   Level  Hunger
a - Magic Dart            Conj           ####         1%          1    None
b - Dazzling Spray        Conj/Hex       ######..     1%          3    None
c - Iskenderun's Battles  Conj/Chrm      #######.     1%          5    ###....
d - Fulminant Prism       Conj/Hex       ######....   1%          4    None
e - Phase Shift           Tloc           #######...   4%          5    ###....
f - Blink                 Tloc           N/A          1%          2    None
g - Repel Missiles        Chrm/Air       ######       2%          2    None
h - Mephitic Cloud        Conj/Pois/Air  ######..     1%          3    None
i - Dispel Undead         Necr           ######..     16%         5    ###....
j - Controlled Blink      Tloc           N/A          50%         7    ######.


Dungeon Overview and Level Annotations

Branches:
Dungeon (9/15)             Temple (1/1) D:5            Lair (8/8) D:9
  Swamp (0/4) Lair:5        Snake (0/4) Lair:4        Slime (0/6) Lair:6
    Orc: D:9-12

Altars:
Ashenzari
Cheibriados
Dithmenos
Elyvilon
Fedhas
Gozag
Kikubaaqudgha
Makhleb
Nemelex Xobeh
Okawaru
Qazlal
Ru
Sif Muna
Trog
Vehumet
Xom
Yredelemnul
Zin
The Shining One
Jiyva

Shops:
D:7 %


Innate Abilities, Weirdness & Mutations

You have very sharp teeth.
You are agile. (Dex +2)
Armour fits poorly on your strangely shaped body.
You are resistant to hostile enchantments.
You can spit weak poison.
Your spells are a little harder to cast, but a little more powerful.


Message History

The death yak is dazzled.
The death yak is no longer blind.
You feel closer to the material plane.
The death yak snorts and paws the ground.
You are firmly grounded in the material plane once more.
The death yak snorts and paws the ground.
The death yak closely misses you.
Casting: Dazzling Spray
Confirm with . or Enter, or press ? or * to list all spells.
You don't know that spell.
Unknown command.
Unknown command.
Casting: Dazzling Spray
Confirm with . or Enter, or press ? or * to list all spells.
You feel the strange sensation of being on two planes at once.
The death yak gores you!!
* * * LOW HITPOINT WARNING * * *
There is a stone staircase leading up here.
The death yak gores you!
You die...

### ########.### ### ##
.##..#..#..###P#### #..
.................P# ###### #...
.................## #....# ##Y..#
................@# ##..†####YYY#
..#.............Y# #....##...###
.#..............Y# ##......###
.................# #..##..Y##
....#...........## #######Y.##
....#...........# ### ##†.#
....#...........# ##.### ##Y###P
...#............# ##....####.....
.P#.............###.....%##P...P#


You could see 2 death yaks.

Vanquished Creatures
  Snorg (Lair:8)
  2 catoblepae
  4 hydras
  The ghost of Appriser the Grappler, a powerful DrTm of Qazlal (Lair:2)
  14 death yaks
  A lindwurm (Volcano)
  An oklob plant (Lair:5)
  3 griffons
  13 elephants
  3 molten gargoyles (Volcano)
  A toenail golem (Volcano)
  17 spiny frogs
  9 black mambas
  3 fire drakes
  6 komodo dragons
  A polar bear (Lair:7)
  19 blink frogs
  5 basilisks
  45 yaks
  6 fire elementals (Volcano)
  8 hippogriffs
  2 nagas (Lair:4)
  A mottled dragon (Lair:6)
  11 wolves
  10 porcupines
  14 water moccasins
  4 orc warriors (D:7)
  A necrophage (D:9)
  A sky beast (D:6)
  A phantom (D:6)
  2 ice beasts
  5 ogres
  17 crocodiles
  3 centaurs
  15 giant frogs
  5 big kobolds
  5 scorpions
  11 killer bees
  3 wights (D:8)
  4 electric eels
  6 crimson imps
  3 orc priests (D:7)
  A quasit (D:7)
  5 giant frog skeletons
  3 hounds
  4 jellies
  10 iguanas
  A centaur skeleton (D:7)
  4 worker ants
  10 orc wizards
  5 hell rats (Lair:8)
  18 sheep
  9 adders
  9 gnolls
  35 river rats
  4 shadow imps
  3 oozes
  4 worms
  17 orcs
  6 giant cockroaches
  9 hobgoblins
  16 jackals
  17 kobolds
  2 quokkas
  10 bats
  3 giant geckos
  3 giant newts (D:1)
  10 goblins
  A quokka zombie (D:5)
  9 rats
  A spectral orc (D:4)
  6 fungi
  3 plants
525 creatures vanquished.

Vanquished Creatures (others)
  A fire vortex (Volcano)
  126 fulminant prisms
  14 fungi
  7 plants
148 creatures vanquished.

Grand Total: 673 creatures vanquished

Notes
Turn   | Place    | Note
--------------------------------------------------------------
     0 | D:1      | derrpe the Deep Elf Conjurer began the quest for the Orb.
     0 | D:1      | Reached XP level 1. HP: 10/10 MP: 6/6
   170 | D:1      | Found a sparkling altar of Nemelex Xobeh.
   295 | D:1      | Reached XP level 2. HP: 9/15 MP: 0/8
   811 | D:1      | Reached skill level 5 in Conjurations
   886 | D:1      | Reached XP level 3. HP: 19/19 MP: 5/10
  1415 | D:1      | Learned a level 3 spell: Dazzling Spray
  1686 | D:2      | Reached skill level 1 in Hexes
  1686 | D:2      | Reached XP level 4. HP: 3/24 MP: 3/12
  1960 | D:2      | Found a white marble altar of Elyvilon.
  2075 | D:2      | Found a white marble altar of Elyvilon.
  2850 | D:2      | Found a sparkling altar of Nemelex Xobeh.
  3341 | D:4      | Reached XP level 5. HP: 28/28 MP: 8/13
  3360 | D:4      | Found an iron altar of Okawaru.
  3540 | D:4      | Reached skill level 6 in Conjurations
  3587 | D:4      | Found a basalt altar of Yredelemnul.
  4588 | D:4      | Found a sparkling altar of Nemelex Xobeh.
  4849 | D:5      | Entered Level 5 of the Dungeon
  4864 | D:5      | Reached skill level 5 in Spellcasting
  4942 | D:5      | Reached XP level 6. HP: 22/32 MP: 9/16
  5118 | D:5      | Learned a level 5 spell: Iskenderun's Battlesphere
  5171 | D:5      | Reached skill level 1 in Charms
  5557 | D:5      | Noticed an ogre
  5680 | D:5      | Killed an ogre
  5680 | D:5      | Reached skill level 7 in Conjurations
  5680 | D:5      | Reached XP level 7. HP: 36/36 MP: 10/17
  5773 | D:5      | Found a snail-covered altar of Cheibriados.
  5919 | D:5      | Found a shimmering altar of Xom.
  5922 | D:5      | Found a burning altar of Makhleb.
  5964 | D:5      | Found a staircase to the Ecumenical Temple.
  5985 | Temple   | Entered the Ecumenical Temple
  6312 | D:5      | Reached skill level 5 in Charms
  7055 | D:6      | Gained mutation: Your spells are a little harder to cast, but a little more powerful. [mutagenic meat]
  7056 | D:6      | Gained mutation: You are resistant to hostile enchantments. [mutagenic meat]
  7057 | D:6      | Gained mutation: You can spit weak poison. [mutagenic meat]
  7058 | D:6      | Gained mutation: Armour fits poorly on your strangely shaped body. [mutagenic meat]
  7466 | D:6      | Reached XP level 8. HP: 29/41 MP: 5/20
  7813 | D:4      | Noticed an ogre
  7831 | D:4      | Killed an ogre
  8022 | D:7      | Found a sacrificial altar of Ru.
  8022 | D:7      | Found a bloodstained altar of Trog.
  8029 | D:7      | Reached skill level 8 in Conjurations
  8120 | D:7      | Found a shadowy altar of Dithmenos.
  8136 | D:7      | Found Ummier's Food Boutique.
  8448 | D:7      | Got a twisted short sword {drain}
  8469 | D:7      | Reached skill level 1 in Fighting
  8887 | D:7      | Gained mutation: You have very sharp teeth. [potion of mutation]
  8887 | D:7      | Gained mutation: You are agile. (Dex +2) [potion of mutation]
  8895 | D:7      | Reached skill level 10 in Spellcasting
  8895 | D:7      | Reached skill level 10 in Conjurations
  8895 | D:7      | Reached XP level 9. HP: 26/53 MP: 1/25
  9117 | D:7      | Identified the +3 short sword of the Heart {drain, *Corrode rN++ Dex+4} (You took it off a kobold on level 7 of the Dungeon)
  9145 | D:7      | Reached skill level 5 in Fighting
  9667 | D:7      | Learned a level 4 spell: Fulminant Prism
  9686 | D:7      | Found an iron altar of Okawaru.
  9914 | D:7      | Found a radiant altar of Vehumet.
  9928 | D:7      | Became a worshipper of Vehumet
 10001 | D:7      | Identified 2 scrolls of acquirement
 10002 | D:7      | Got a fine hat
 10008 | D:7      | Identified the +1 hat of the Pirate {rPois rN+ Str+4 Slay+2} (You acquired it on level 7 of the Dungeon)
 10036 | D:7      | Reached XP level 10. HP: 59/59 MP: 8/26
 10600 | D:7      | Reached skill level 11 in Spellcasting
 10680 | D:8      | Learned a level 5 spell: Phase Shift
 10710 | D:8      | Found an ancient bone altar of Kikubaaqudgha.
 11336 | D:8      | Reached skill level 1 in Translocations
 11557 | D:8      | Acquired Vehumet's first power
 11557 | D:8      | Offered knowledge of Flame Tongue by Vehumet.
 11810 | D:8      | Learned a level 2 spell: Blink
 11819 | D:8      | Noticed a three-headed hydra
 11836 | D:8      | Killed a three-headed hydra
 12091 | D:8      | Reached skill level 5 in Translocations
 12971 | D:9      | Offered knowledge of Throw Flame by Vehumet.
 13047 | D:9      | Found a staircase to the Lair.
 13773 | Lair:1   | Entered Level 1 of the Lair of Beasts
 13783 | Lair:1   | Reached XP level 11. HP: 55/64 MP: 3/28
 14386 | Lair:1   | Noticed a four-headed hydra
 14392 | Lair:1   | Killed a four-headed hydra
 14413 | Lair:1   | Offered knowledge of Ignite Poison by Vehumet.
 14911 | Lair:1   | Reached skill level 10 in Translocations
 14913 | Lair:1   | Acquired Vehumet's second power
 15143 | Lair:2   | Learned a level 2 spell: Repel Missiles
 15173 | Lair:2   | Learned a level 3 spell: Mephitic Cloud
 15300 | Lair:2   | Reached skill level 1 in Air Magic
 15420 | Lair:2   | Noticed Appriser's ghost (powerful DrTm)
 15427 | Lair:2   | Killed Appriser's ghost
 15768 | Lair:2   | You fall through a shaft for 2 floors!
 16027 | Lair:4   | Offered knowledge of Static Discharge by Vehumet.
 16180 | Lair:4   | Learned a level 5 spell: Dispel Undead
 16322 | Lair:4   | Noticed a five-headed hydra
 16325 | Lair:4   | Reached XP level 12. HP: 71/71 MP: 10/29
 16328 | Lair:4   | Killed a five-headed hydra
 16575 | Lair:4   | Reached skill level 10 in Dodging
 16879 | Lair:3   | Noticed a catoblepas
 16906 | Lair:2   | Acquired Vehumet's third power
 17008 | Lair:2   | Offered knowledge of Stone Arrow by Vehumet.
 17209 | Lair:3   | Killed a catoblepas
 17396 | Lair:3   | Reached skill level 5 in Stealth
 17416 | Lair:3   | Reached skill level 12 in Spellcasting
 18396 | Lair:4   | Reached skill level 1 in Necromancy
 18472 | Lair:4   | Found a staircase to the Snake Pit.
 19162 | Lair:5   | Found a staircase to the Swamp.
 19247 | Lair:5   | Reached XP level 13. HP: 78/78 MP: 16/31
 20505 | Lair:6   | Learned a level 7 spell: Controlled Blink
 20515 | Lair:6   | Identified a +2 rod of destruction (9/9) (You found it on level 6 of the Lair of Beasts)
 20661 | Lair:6   | Found a staircase to the Slime Pits.
 20662 | Lair:6   | Found a viscous altar of Jiyva.
 20726 | Lair:6   | Offered knowledge of Conjure Ball Lightning by Vehumet.
 21234 | Lair:7   | Reached skill level 5 in Necromancy
 21321 | Lair:7   | Found a dark tunnel.
 21330 | Volcano  | Entered a volcano
 21977 | Lair:7   | Got a steaming dagger
 21978 | Lair:7   | Identified the +2 dagger "Agaseic" {drain, rPois Str+6} (You found it on level 7 of the Lair of Beasts)
 22072 | Lair:7   | Reached skill level 13 in Spellcasting
 22624 | Lair:8   | Entered Level 8 of the Lair of Beasts
 22658 | Lair:8   | Noticed Snorg
 22668 | Lair:8   | Killed Snorg
 22695 | Lair:8   | Reached XP level 14. HP: 86/86 MP: 22/33
 23963 | Lair:8   | Slain by a death yak

Vault maps used:
D:1:      lemuel_arrival_broad_hall, nemelex_deck
D:2:      lemuel_crystal_altar, kennysheep_flooded_box,
          hangedman_decor_diamond_cutter, corexii_item_surrounded_by_moat,
          nemelex_dance_club_becter
D:4:      lemuel_coloured_pillars_altar, yredelemnul_forgotten_temple_becter,
          okawaru_ov_weapons_minmay
D:5:      grunt_temple_overflow_champion_of_chaos, lemuel_crystal_altar,
          minmay_temple_entry_statues_pillars, first_bread, serial_bayou_pond_c
D:7:      lemuel_crystal_altar, nicolae_overflow_crystal_walls,
          gammafunk_temple_overflow_forgotten, serial_shops, shop
D:8:      kennysheep_mini_moat, serial_glass, glass_columns_a, glass_columns_b,
          hangedman_ranch
D:9:      minmay_lair_entry_lava
Temple:   nicolae_temple_great_sept
Lair:1:   grunt_megastairs_4, infiniplex_staircase_pool
Lair:3:   st_stairs_5, grunt_megastairs_2
Lair:4:   minmay_snake_entry_guardpost_small
Lair:5:   swamp_mist, beast_lair_carwin_4, lemuel_fruit_tree,
          serial_bayou_shore_a, infiniplex_staircase_pool_2
Lair:6:   slime_altar_1, bobbens_dragon_lair_wall
Lair:7:   nicolae_volcano_entry_lava_flow, grunt_megastairs_1,
          lemuel_fruit_fields, serial_bayou_shore_b
Lair:8:   evilmike_catoblepas_cave, st_stairs_7, minivault_25,
          grunt_forest_small_clearing_treed, uniq_snorg
Volcano:  volcano_aerie

Action                   |  1- 3 |  4- 6 |  7- 9 | 10-12 | 13-15 || total
-------------------------+-------+-------+-------+-------+-------++-------
Melee: Dagger            |     7 |       |       |       |       ||     7
       Spear             |       |    23 |    53 |       |       ||    76
       Staff             |       |       |       |       |     2 ||     2
 Fire: Shortbow          |       |       |    60 |    18 |       ||    78
 Cast: Magic Dart        |    85 |   159 |    90 |   353 |   147 ||   834
       Dazzling Spray    |       |    11 |    79 |    84 |    45 ||   219
       Iskenderun's Batt |       |       |     4 |    76 |    42 ||   122
       Fulminant Prism   |       |       |       |    26 |   100 ||   126
       Blink             |       |       |       |     3 |       ||     3
       Phase Shift       |       |       |       |     3 |     7 ||    10
       Repel Missiles    |       |       |       |     1 |       ||     1
  Use: Potion            |       |     1 |    11 |     1 |     1 ||    14
       Scroll            |       |     2 |     7 |    13 |     7 ||    29
 Stab: Invisible         |       |     3 |       |       |       ||     3
  Eat: Chunk             |     2 |    13 |    13 |    29 |     6 ||    63
       Beef jerky        |       |       |     3 |     2 |       ||     5
       Royal jelly       |       |       |       |     2 |       ||     2
       Pizza             |       |       |       |       |     3 ||     3
       Fruit             |       |       |       |       |     2 ||     2
       Meat ration       |       |       |       |       |     1 ||     1
